 Dungeon Crawl Stone Soup version 0.31-a0-965-g8a8ce12e04 (webtiles) character file.

Game seed: 3702760912438183241

921 Maxmaps the Changeling (level 8, -6/52 HPs)
             Began as an Octopode Shapeshifter on Oct 27, 2023.
             Mangled by a gnoll
             ... wielding a +0 halberd
             ... led by a gnoll bouda
              (10 damage)
             ... on level 5 of the Dungeon.
             The game lasted 00:04:29 (3685 turns).

Maxmaps the Changeling (Octopode Shapeshifter)      Turns: 3685, Time: 00:04:29

Health: -6/52      AC:  3    Str: 14    XL:     8   Next: 10%
Magic:  8/8        EV: 13    Int: 14    God:
Gold:   202        SH:  0    Dex: 11    Spells: 7/7 levels left

rFire   . .          .
                       - Unarmed
rCold   + . .        (no shield)
rNeg    . . .        (helmet currently unavailable)
rPois   +            (no amulet)
rElec   .            j - ring of poison resistance
rCorr   .            (no ring)
SInv    .            (no ring)
Will    .....        (no ring)
Stlth   +++          (no ring)
HPRegen 0.28/turn    (no ring)
MPRegen 0.11/turn    (no ring)
                     (no ring)

%: no passive effects
@: beast-form, weakened
A: beast (slay +4), almost no armour, amphibious, 8 rings, camouflage 1,
gelatinous body 1, (nimble swimmer 1), tentacles, iridescent scales 1, cold
resistance 1, sense surroundings 1
a: Begin Untransformation


You were on level 5 of the Dungeon.
You were a hulking beast.
You visited 1 branch of the dungeon, and saw 5 of its levels.

You collected 202 gold pieces.

Inventory:

Jewellery
 j - a ring of poison resistance (left tentacle)
Talismans
 b - a beast talisman
 c - a flux talisman
 r - a serpent talisman
Wands
 a - a wand of iceblast (4)
Scrolls
 i - 3 scrolls of teleportation {unknown}
 k - a scroll of enchant armour {unknown}
 o - a scroll of identify {unknown}
 p - a scroll of immolation {unknown}
Potions
 f - a potion of mutation
 g - a potion of cancellation {unknown}
 h - a potion of might
 l - 2 potions of curing
 n - 2 potions of brilliance {unknown}
 q - a potion of haste {unknown}


   Skills:
 - Level 3.0 Fighting
 - Level 2.0 Dodging
 - Level 4.1 Stealth
 - Level 3.0 Unarmed Combat
 + Level 7.8 Shapeshifting


You had 7 spell levels left.
You didn't know any spells.
Your spell library contained the following spells:

 Spells                   Type           Power      Damage    Failure   Level
 Magic Dart               Conj           0%         1d3       28%         1
 Ensorcelled Hibernation  Hex/Ice        0%         N/A       41%         2
 Jinxbite                 Hex            0%         N/A       41%         2
 Searing Ray              Conj           0%         2d4       41%         2
 Ozocubu's Armour         Ice            0%         N/A       65%         3
 Anguish                  Hex/Necr       0%         N/A       96%         4
 Fulminant Prism          Conj/Hex       0%         3d5       96%         4
 Ozocubu's Refrigeration  Ice            0%         4d7       100%        7


Dungeon Overview and Level Annotations

Branches:
Dungeon (5/15)
 Temple: D:4-7

Altars:
Hepliaklqana

Shops:
D:1 =


Innate Abilities, Weirdness & Mutations

You are a hulking beast.
Your limbs bulge with bestial killing power. (Slay +4)
You cannot wear most types of armour.
You are amphibious.
You can wear up to eight rings at the same time.
Your skin changes colour to match your surroundings (Stealth+).
Your rubbery body absorbs attacks. (AC +1, EV +1)
((You are camouflaged when in or above water. (Stealth+)))
You have tentacles for arms and can constrict up to eight enemies at once.
You are partially covered in iridescent scales. (AC +2)
Your flesh is cold resistant. (rC+)
You passively map a small area around you.


Message History

The gnoll is heavily wounded.
You constrict the gnoll.
Your jackal bites the gnoll but does no damage.
Your jackal closely misses the gnoll.
The gnoll closely misses your jackal.
The gnoll hits you from afar with a +0 halberd!
Your jackal barely misses the gnoll.
Your jackal bites the gnoll.
The gnoll misses your iguana.
Your iguana bites the gnoll!
The gnoll dies!
The gnoll bouda misses your jackal.
Your orc hits the gnoll with a +0 short sword.
The gnoll dies!
The gnoll hits your jackal with a +0 club.
Your jackal dies!
Your jackal's corpse dissolves into shadows!
Your jackal barely misses the gnoll.
The gnoll hits you from afar with a +0 halberd!
The gnoll bouda gazes fiercely through you!
You feel your attacks grow feeble.
The gnoll bouda hits you with a +0 whip.
Your orc hits the gnoll with a +0 short sword.
The gnoll hits you with a +0 flail.
Things that are here:
a +0 club; a gnoll corpse You are too injured to fight recklessly!
You tentacle-slap the gnoll. Your grab misses the gnoll. You squeeze the gnoll.
The gnoll is heavily wounded.
Your jackal bites the gnoll.
The gnoll closely misses you. The gnoll hits you with a +0 club!
* * * LOW HITPOINT WARNING * * *
Unknown command.
You tentacle-slap the gnoll.
You kill the gnoll!
Your jackal barely misses the gnoll.
Your iguana barely misses the gnoll bouda.
The gnoll bouda hits you with a +0 whip!
* * * LOW HITPOINT WARNING * * *
The gnoll hits you with a +0 flail.
* * * LOW HITPOINT WARNING * * *
The gnoll hits you from afar with a +0 halberd!
You die...

* #. * #.*
.# #. *o#
####.###.#
#......o.#
#....?...#
#...go...#
#...lh...#
#...g...##
#..[gh.<#
#.......#
##.#.####
* *
**#.... ,
, * ,
...... * ,
##.... *
#$..


You could see a gnoll bouda (ally target), an orc wizard, 2 gnolls, an orc, a
friendly iguana (summoned), a friendly orc (summoned) and a friendly jackal
(summoned).

Vanquished Creatures
  An orc warrior (D:4)
  2 black bears (D:4)
  An ogre (D:4)
  A scorpion (D:4)
  A hound (D:4)
  Ijyb (D:3)
  Natasha (twice) (D:4)
  5 iguanas (D:4)
  4 orc wizards
  Robin (D:3)
  A gnoll (D:5)
  4 adders
  3 dart slugs
  12 orcs
  6 ball pythons
  7 endoplasms
  5 giant cockroaches
  13 goblins
  6 hobgoblins
  5 jackals
  5 bats
  4 frilled lizards
  6 kobolds
  6 rats
102 creatures vanquished.

Vanquished Creatures (collateral kills)
  2 gnolls (D:5)
2 creatures vanquished.

Grand Total: 104 creatures vanquished

Notes
Turn   | Place    | Note
-------+----------+-------------------------------------------
     0 | D:1      | Maxmaps the Octopode Shapeshifter began the quest for the
                  | Orb.
     0 | D:1      | Reached XP level 1. HP: 13/13 MP: 1/1
   238 | D:1      | Reached XP level 2. HP: 18/19 MP: 2/2
   251 | D:1      | Found Venimajo's Jewellery Shop.
   542 | D:2      | Found a faded altar of an unknown god.
   628 | D:2      | Reached XP level 3. HP: 22/25 MP: 3/3
   774 | D:2      | Found a hazy altar of Hepliaklqana.
   789 | D:2      | Reached skill level 1 in Stealth
   836 | D:2      | Reached XP level 4. HP: 17/31 MP: 4/4
   940 | D:2      | Identified the +9 whip "Laiq" {flame, rC+}
  1262 | D:3      | Reached XP level 5. HP: 12/36 MP: 5/5
  1507 | D:3      | Noticed Ijyb
  1531 | D:3      | Killed Ijyb
  1827 | D:3      | Reached skill level 4 in Shapeshifting
  2079 | D:4      | Noticed Natasha
  2087 | D:4      | Killed Natasha
  2115 | D:4      | Noticed a black bear
  2120 | D:4      | Noticed Natasha
  2123 | D:4      | Killed a black bear
  2124 | D:4      | Reached XP level 6. HP: 22/42 MP: 6/6
  2127 | D:4      | Killed Natasha
  2128 | D:4      | Reached skill level 5 in Shapeshifting
  2636 | D:4      | Noticed Robin
  2659 | D:3      | Killed Robin
  3076 | D:4      | Reached XP level 7. HP: 46/46 MP: 7/7
  3083 | D:4      | Reached skill level 6 in Shapeshifting
  3106 | D:4      | Gained mutation: You passively map a small area around you.
                  | [potion of mutation]
  3106 | D:4      | Gained mutation: You are partially covered in iridescent
                  | scales. (AC +2) [potion of mutation]
  3106 | D:4      | Gained mutation: Your flesh is cold resistant. (rC+)
                  | [potion of mutation]
  3443 | D:4      | Reached skill level 7 in Shapeshifting
  3616 | D:4      | Reached XP level 8. HP: 52/52 MP: 8/8
  3678 | D:5      | Entered Level 5 of the Dungeon
  3685 | D:5      | Mangled by a gnoll

Illustrated notes

Levels and vault maps discovered:
D:1:      co_arrival_hexagon_in_a_hexagon, layout_rooms, serial_shops,
          nicolae_shop_tiny_real_fake_doors, minmay_pentomino_z4
D:2:      layout_rooms, basic_ecumenical_altar, basic_altar,
          minmay_misc_feat_iff
D:3:      layout_loops_cross, st_stairs_11, minmay_misc_feat_columns,
          mrwooster_statue_mirror, corexii_item_surrounded_by_moat,
          minmay_misc_feat_rows, minmay_diced_spiral, uniq_ijyb
D:4:      minmay_octagon_keep, layout_basic, uniq_robin, uniq_natasha
D:5:      layout_loops_ring, minmay_temple_entry_enclosed_plants,
          cheibrodos_sewer_entry_bend, nicolae_shop_vocational

Skill      XL: |  1  2  3  4  5  6  7 |
---------------+----------------------+-----
Fighting       | 2 3 |  3.0
Stealth        | 2 4 |  4.1
Shapeshifting  | 4 5 7 |  7.8
Dodging        | |  2.0
Unarmed Combat | |  3.0

Action                     |  1- 3 |  4- 6 |  7- 9 || total
---------------------------+-------+-------+-------++-------
  Melee: Unarmed           |    70 |    99 |    49 ||   218
         Constrict         |    15 |    25 |    11 ||    51
         Tentacles         |     7 |    19 |    12 ||    38
         Punch             |       |     4 |     1 ||     5
    Use: Scroll            |     3 |       |     1 ||     4
         Potion            |       |     2 |     7 ||     9
   Stab: Sleeping          |     3 |    15 |     2 ||    20
 Armour: Skin              |    25 |    55 |    35 ||   115
  Dodge: Dodged            |    44 |    34 |    21 ||    99

Table legend: (Time is in decaauts)
 A = Elapsed time spent in this place.
 B = Non-inter-level travel time spent in this place.
 C = Inter-level travel time spent in this place.
 D = Time resting spent in this place.
 E = Time spent auto-exploring this place.
 F = Levels seen in this place.
 G = Mean time per level.
                   A        B        C        D        E       F      G
               +--------+--------+--------+--------+--------+-----+--------+
         Total |   3670 |   3515 |    155 |    684 |   2224 |   5 |  734.0 |
       Dungeon |   3670 |   3515 |    155 |    684 |   2224 |   5 |  734.0 |
               +--------+--------+--------+--------+--------+-----+--------+

Top non-repeatable levels by time:
     D:4: 1556 daAuts
     D:3: 968 daAuts
     D:2: 599 daAuts
     D:1: 539 daAuts
     D:5: 6 daAuts
